 Dungeon Crawl Stone Soup version 0.18.1-48-g4cf74bf (webtiles) character file.

250 mirugai the Shooter (level 5, -13/45 HPs)
             Began as a Centaur Hunter on Sept 7, 2016.
             Mangled by an ogre
             ... wielding a +0 giant spiked club
              (20 damage)
             ... on level 4 of the Dungeon.
             The game lasted 00:15:32 (3231 turns).

mirugai the Shooter (Centaur Hunter)                Turns: 3231, Time: 00:15:33

Health: -13/45     AC:  6    Str: 14    XL:     5   Next: 88%
Magic:  5/5        EV:  7    Int: 15    God:
Gold:   151        SH:  0    Dex: 11    Spells: 0 memorised, 4 levels left

rFire  . . .     SeeInvis .     o - +0 hunting sling
rCold  . . .     Gourm    .     k - +0 scale mail
rNeg   . . .     Faith    .     (no shield)
rPois  .         Spirit   .     (no helmet)
rElec  .         Dismiss  .     (no cloak)
rCorr  .         Reflect  .     (no gloves)
SustAt .         Harm     .     (no barding)
MR     +....                    (no amulet)
Stlth  ..........               v - ring of protection from magic
                                (no ring)

@: brilliant, about to teleport, invisible, very quick, somewhat resistant to
hostile enchantments, extremely unstealthy
A: hooves 3, deformed body, speed 2, tough skin 3
a: no special abilities


You were on level 4 of the Dungeon.
You were not hungry.

You visited 1 branch of the dungeon, and saw 4 of its levels.

You collected 151 gold pieces.

Inventory:

Hand Weapons
 a - a +1 shortbow
 b - a +0 short sword
 g - a +1 dagger of protection
 o - a +0 hunting sling (weapon)
 x - a +0 blowgun
Missiles
 d - 37 arrows
 i - 101 stones (quivered)
 y - 14 poisoned needles
Armour
 k - a +0 scale mail (worn)
Jewellery
 v - a ring of protection from magic (right hand)
Scrolls
 h - 3 scrolls of identify {unknown}
 m - a scroll of amnesia {unknown}
 n - a scroll of enchant weapon {unknown}
 q - a scroll of immolation {unknown}
 r - a scroll of remove curse
 A - a scroll of magic mapping {unknown}
 B - 3 scrolls of random uselessness {unknown}
Potions
 c - a potion of resistance {unknown}
 l - a potion of brilliance
Books
 u - a book of Changes

   Spells                             Type                      Level
   a - Beastly Appendage              Transmutation                1
   b - Sticks to Snakes               Transmutation                2
   c - Spider Form                    Transmutation/Poison         3
   d - Ice Form                       Ice/Transmutation            4
   e - Blade Hands                    Transmutation                5
Comestibles
 f - 5 bread rations
 j - 2 meat rations
 t - a chunk of flesh
 w - 2 beef jerkies


   Skills:
 * Level 3.2 Fighting
 - Level 1.4 Slings
 * Level 6.9 Bows
 + Level 1.6 Armour
 + Level 2.3 Dodging
 - Level 0.5 Stealth


You had 4 spell levels left.
You didn't know any spells.

Dungeon Overview and Level Annotations

Branches:
Dungeon (4/15)
 Temple: D:4-7

Altars:
Elyvilon
Nemelex Xobeh
Yredelemnul
Zin
The Shining One


Innate Abilities, Weirdness & Mutations

You have hooves in place of feet.
Armour fits poorly on your strangely shaped body.
You cover ground very quickly.
You have extremely tough skin (AC +3).


Message History

The orc wizard is lightly wounded.
A giant cockroach comes into view.
An ogre comes into view. It is wielding a giant spiked club.
The ogre shouts!
The orc shouts!
The orc hits you with a hand axe.
* * * LOW HITPOINT WARNING * * *
Read which item? (? for menu, Esc to quit)
As you read the scroll of teleportation, it crumbles to dust.
You feel strangely unstable. The orc hits you with a hand axe.
* * * LOW HITPOINT WARNING * * *
Drink which item? (? for menu, Esc to quit)
It was a potion of brilliance.
You feel clever all of a sudden. The orc closely misses you.
Drink which item? (? for menu, Esc to quit)
It was a potion of invisibility.
You fade into invisibility!
The ogre hits you with a giant spiked club!!
You die...

###########
#.........###
#.#.#...#...######
#.#..........s...#
#.......#...####.####
##.#..##.#.###.@oo...#
#..........# #O##.##o#
##..##.##.###
#s##.##.####
.......####
#.##.......# .#..o..#
#.#####.##.# .#....##
####.#####.# .#..#.+
#......s...# .#..#.##
#....####### ....)..#
#....#


You could see an ogre, an orc wizard, 2 orcs and a giant cockroach.

Vanquished Creatures
  Terence (D:3)
  Jessica (D:2)
  An iguana (D:4)
  A worker ant (D:4)
  8 adders
  An ooze (D:1)
  A worm (D:2)
  4 giant geckos
  An orc (D:3)
  6 bats
  4 giant cockroaches
  9 goblins
  6 hobgoblins
  7 jackals
  2 quokkas (D:2)
  2 giant newts
  11 kobolds
  6 rats
72 creatures vanquished.

Notes
Turn   | Place    | Note
--------------------------------------------------------------
     0 | D:1      | mirugai the Centaur Hunter began the quest for the Orb.
     0 | D:1      | Reached XP level 1. HP: 17/17 MP: 1/1
   122 | D:1      | Reached XP level 2. HP: 22/24 MP: 2/2
   302 | D:1      | Reached skill level 6 in Bows
   546 | D:1      | Reached XP level 3. HP: 27/29 MP: 3/3
  1117 | D:2      | Found a sparkling altar of Nemelex Xobeh.
  1228 | D:2      | Noticed Jessica
  1263 | D:2      | Killed Jessica
  1263 | D:2      | Reached XP level 4. HP: 21/37 MP: 4/4
  1367 | D:2      | Reached skill level 1 in Armour
  1543 | D:2      | Found a white marble altar of Elyvilon.
  1974 | D:3      | Found a glowing golden altar of the Shining One.
  2067 | D:3      | Reached skill level 1 in Slings
  2090 | D:3      | Found a glowing silver altar of Zin.
  2100 | D:3      | Reached XP level 5. HP: 41/44 MP: 5/5
  2163 | D:3      | Noticed Terence
  2206 | D:3      | Killed Terence
  2841 | D:3      | Found a basalt altar of Yredelemnul.
  2964 | D:3      | Noticed an angel
  3220 | D:4      | Noticed an ogre
  3231 | D:4      | Mangled by an ogre

Skill      XL: |  1  2  3  4  5 |
---------------+----------------+-----
Bows           | 6 |  6.9
Armour         | 1 |  1.6
Slings         | 1 |  1.4
Fighting       | 3 |  3.2
Dodging        | 2 |  2.3
Stealth        | |  0.5

Action                   |  1- 3 |  4- 6 || total
-------------------------+-------+-------++-------
Melee: Short sword       |    42 |       ||    42
       Kick              |    36 |    46 ||    82
       Dagger            |   114 |   175 ||   289
       Quarterstaff      |       |     2 ||     2
 Fire: Hunting sling     |    20 |    71 ||    91
Throw: Stone             |    21 |    11 ||    32
  Use: Scroll            |       |     4 ||     4
       Potion            |       |     2 ||     2
  Eat: Chunk             |       |     4 ||     4
       Pizza             |       |     1 ||     1
Armor: Leather armour    |    25 |       ||    25
       Scale mail        |    72 |   105 ||   177
Dodge: Dodged            |    61 |    79 ||   140
